 Dungeon Crawl Stone Soup version 0.29.1-12-g30fa7ad0bf (webtiles) character file.

Game seed: 2423483010088016550

84 nachturnus the Slasher (level 4, -2/34 HPs)
             Began as a Vampire Monk on Jan 14, 2023.
             Succumbed to an orc priest's poison
             ... on level 2 of the Dungeon.
             The game lasted 00:05:07 (2614 turns).

nachturnus the Slasher (Vampire Monk)               Turns: 2614, Time: 00:05:08

Health: -2/34      AC:  2    Str: 10    XL:     4   Next: 24%
Magic:  4/4        EV: 13    Int: 12    God:
Gold:   72         SH:  4    Dex: 18    Spells: 3/3 levels left

rFire   . . .      SeeInvis +   a - +0 falchion
rCold   . . .      Faith    .   g - +0 buckler
rNeg    . . .      Spirit   .   b - +0 robe
rPois   .          Reflect  .   (no helmet)
rElec   .          Harm     .   (no cloak)
rCorr   .          Rampage  .   (no gloves)
Will    .....                   (no boots)
Stlth   ++........              (no amulet)
HPRegen 0.31/turn               (no ring)
MPRegen 0.09/turn               (no ring)

@: lethally poisoned (-2 -> -19), healing quickly
A: alive, fangs 3, see invisible, vampiric 2
a: Exsanguinate


You were on level 2 of the Dungeon.
You visited 1 branch of the dungeon, and saw 2 of its levels.

You collected 72 gold pieces.

Inventory:

Hand Weapons
 a - a +0 falchion (weapon)
Armour
 b - a +0 robe (worn)
 f - a +0 ring mail
 g - a +0 buckler (worn)
 i - a +0 leather armour
Scrolls
 d - 2 scrolls of teleportation
 e - 2 scrolls of identify
 k - 2 scrolls of fear
 l - a scroll of immolation {unknown}
Potions
 c - a potion of ambrosia
 h - a potion of cancellation
 j - a potion of heal wounds


   Skills:
 - Level 2.6 Fighting
 + Level 5.1 Long Blades
 - Level 3.2 Dodging
 - Level 3.0 Stealth


You had 3 spell levels left.
You didn't know any spells.
Your spell library contained the following spells:

 Spells                   Type           Power      Damage    Failure   Level
 Sandblast                Erth           0%         2d4       41%         1
 Slow                     Hex            0%         N/A       41%         1
 Passwall                 Tmut/Erth      0%         N/A       56%         2
 Confusing Touch          Hex            0%         N/A       80%         3
 Stone Arrow              Conj/Erth      0%         3d7       80%         3
 Vampiric Draining        Necr           0%         2d6       80%         3


Dungeon Overview and Level Annotations

Branches:
Dungeon (2/15)

Altars:


Innate Abilities, Weirdness & Mutations

Your natural rate of healing is accelerated.
You have razor-sharp teeth.
You have supernaturally acute eyesight. (SInv)
You are afflicted with vampirism and can become a bat while bloodless.


Message History

The orc is severely wounded.
The orc barely misses you.
You hit the orc but do no damage. You bite the orc, but do no damage.
The orc is severely wounded.
The orc closely misses you.
An orc priest comes into view. It is wielding a +2 hand axe of venom.
You closely miss the orc.
The orc is severely wounded.
You slash the orc!
You kill the orc!
The orc hits you with a +0 club. The orc attacks as you move away!
The orc closely misses you. The orc priest barely misses you.
You hit the orc priest.
The orc priest is lightly wounded.
The orc hits you with a +0 club.
The orc priest miscasts a cantrip.
You hit the orc priest.
The orc priest is heavily wounded.
The orc hits you but does no damage.
The orc priest hits you with a +2 hand axe of venom.
You are poisoned.
You barely miss the orc priest.
The orc priest is heavily wounded.
You feel very sick. You block the orc's attack.
The orc priest mumbles some strange prayers to Beogh against you.
Pain shoots through your body!
* * * LOW HITPOINT WARNING * * *
You hit the orc priest but do no damage.
The orc priest is heavily wounded.
* * * LOW HITPOINT WARNING * * *
You feel very sick. The orc closely misses you.
The orc priest hits you with a +2 hand axe of venom.
* * * LOW HITPOINT WARNING * * *
You are more poisoned.
You hit the orc priest.
The orc priest is severely wounded.
You die...

### ..######## #........# ###
############### .........# #..
..............# ########.#
#.####)# #.# ## #.# #..o@o)# #.#
.# #.# #..##### #.# .# ##.# #..#
#.# # .######..####..# #.#####.##
........)......#########.........
#######..###..<................#
#..##...###.####.#...##..#
####..##............^.......#
#.....##...###..###.#.......#


You could see an orc priest and an orc.

Vanquished Creatures
  An orc wizard (D:2)
  2 adders (D:2)
  A worm (D:2)
  A dart slug (D:2)
  2 orcs (D:2)
  3 endoplasms
  A giant cockroach (D:2)
  A hobgoblin (D:1)
  4 jackals (D:1)
  A ball python (D:2)
  3 bats (D:1)
  3 frilled lizards
  4 goblins
  6 kobolds
  2 rats (D:1)
35 creatures vanquished.

Notes
Turn   | Place    | Note
-------+----------+-------------------------------------------
     0 | D:1      | nachturnus the Vampire Monk began the quest for the Orb.
     0 | D:1      | Reached XP level 1. HP: 17/17 MP: 1/1
   453 | D:1      | Reached XP level 2. HP: 23/23 MP: 2/2
  1198 | D:1      | Found a faded altar of an unknown god.
  1478 | D:1      | Reached skill level 4 in Long Blades
  1725 | D:2      | Gained mutation: You are afflicted with vampirism and can
                  | become a bat while bloodless. [Vampire growth]
  1725 | D:2      | Reached XP level 3. HP: 28/28 MP: 3/3
  2596 | D:2      | Reached skill level 5 in Long Blades
  2596 | D:2      | Reached XP level 4. HP: 29/34 MP: 4/4
  2614 | D:2      | Succumbed to an orc priest's poison

Illustrated notes

Levels and vault maps discovered:
D:1:      minmay_arrival_jagged, layout_basic,
          ebering_ecumenical_altar_abandoned
D:2:      layout_loops_ring, serial_bayou_pond_e

Skill      XL: |  1  2  3 |
---------------+----------+-----
Long Blades    | 4 5 |  5.1
Fighting       | |  2.6
Dodging        | |  3.2
Stealth        | |  3.0

Action                   |  1- 3 |  4- 6 || total
-------------------------+-------+-------++-------
Melee: Falchion          |   102 |    18 ||   120
       Bite              |     6 |     2 ||     8
  Use: Scroll            |     4 |       ||     4
 Stab: Sleeping          |     7 |       ||     7
Armor: Robe              |    16 |     3 ||    19
Dodge: Dodged            |    57 |     9 ||    66
Block: Buckler           |    13 |     2 ||    15
